Sound Tigers vs Phantoms
Created - December 5, 2023 at 19:22
Goals
|
| Sound Tigers |
0 |
0 |
1 |
1 |
| Phantoms |
0 |
1 |
5 |
6 |
|
Shots
|
| Sound Tigers |
7 |
13 |
10 |
30 |
| Phantoms |
19 |
13 |
13 |
45 |
|
1st period
No Goal
Penalties :
Oliver Kylington (BRI) for Hooking (Minor) at 13:10, Matt Kiersted (Leh) for Holding (Minor) at 17:51
2nd period
1. Phantoms , Nick Sorensen 8 (Riley Stillman 2, Erik Nystrom 11) at 2:58
Penalties :
Ty Smith (Leh) for Interference (Minor) at 6:16
3rd period
2. Phantoms , Rem Pitlick 12 (Rinat Valiev 17) at 2:09
3. Sound Tigers , Slater Koekkoek 1 (Alex Belzile 10, Ben Thomson 12) at 4:01
4. Phantoms , Lucas Wallmarkk 13 (Rem Pitlick 15, Morgan Klimchuk 21) at 10:26 (PP)
5. Phantoms , A.J. Greer 5 (Ty Smith 3, Cristoval Nieves 7) at 15:37
6. Phantoms , Rem Pitlick 13 (Lucas Wallmarkk 16, Mikko Lehtonen 8) at 17:06 (PP)
7. Phantoms , Lucas Wallmarkk 14 (Ty Smith 4, Morgan Klimchuk 22) at 18:56 (SH)
Penalties :
Jordan Greenway (BRI) for Tripping (Minor) at 5:08, Nick Blankenburg (BRI) for Delaying the game (Minor) at 10:13, Mikko Lehtonen (Leh) for Holding (Minor) at 10:42, Rhett Gardner (BRI) for Unsportsmanlike conduct (Minor) at 16:43, Mikko Lehtonen (Leh) for Roughing (Minor) at 18:49
Goalie Stats
Charlie Lindgren (BRI), 39 saves from 45 shots - (0.867), L, 13-7-0, 60:00 minutes
Anton Forsberg (Leh), 29 saves from 30 shots - (0.967), W, 12-7-1, 60:00 minutes
Players Stats for Sound Tigers
Player Name G A P +/- PIM S H SB GA TA FO MP PP MP PK MP
------------------------------------------------------------------------------------
Alex Belzile 0 1 1 0 0 2 0 1 1 1 0/0 17:21 3:07 0:00
Alexander Yelesin 0 0 0 -1 0 3 2 2 1 2 0/0 19:36 3:03 2:19
Austin Watson 0 0 0 -2 0 1 0 0 0 1 0/2 20:32 4:00 0:36
Ben Thomson 0 1 1 0 0 3 4 0 2 0 0/1 18:41 3:07 1:20
Brett Connolly 0 0 0 -1 0 0 0 1 0 1 1/1 11:29 0:00 0:00
Connor Dewar 0 0 0 0 0 0 0 0 0 0 4/5 7:49 0:00 1:25
Filip Zadina 0 0 0 0 0 4 0 0 1 0 0/0 7:56 0:00 1:27
Garret Pilon 0 0 0 -1 0 0 1 0 0 0 0/2 11:29 0:00 0:00
Jakub Galvas 0 0 0 -2 0 0 0 2 0 0 0/0 13:20 0:00 0:36
Joe Labate 0 0 0 -2 0 2 2 1 0 0 20/41 22:38 4:00 2:31
Jordan Greenway 0 0 0 -2 2 6 2 1 1 0 0/3 21:46 4:00 1:35
Nick Blankenburg 0 0 0 -1 2 0 1 3 0 0 0/0 18:58 3:03 1:42
Oliver Kylington 0 0 0 0 2 3 2 1 2 0 0/0 27:20 4:04 1:16
Rhett Gardner 0 0 0 0 2 0 3 0 0 0 3/11 18:03 3:07 0:38
Ross Colton 0 0 0 0 0 2 0 0 0 0 0/0 6:24 0:00 0:00
Simon Benoit 0 0 0 -2 0 1 1 1 0 0 0/0 12:18 0:00 0:00
Slater Koekkoek 1 0 1 0 0 3 1 1 1 1 0/0 28:01 4:04 2:39
Tyrell Goulbourne 0 0 0 -1 0 0 1 0 0 0 0/1 11:41 0:00 0:12
Players Stats for Phantoms
Player Name G A P +/- PIM S H SB GA TA FO MP PP MP PK MP
------------------------------------------------------------------------------------
A.J. Greer 1 0 1 1 0 2 2 2 0 0 0/1 12:55 0:37 0:50
Anthony Angello 0 0 0 0 0 0 0 0 0 0 0/0 1:00 0:52 0:00
Benoit-Olivier Groulx 0 0 0 0 0 0 0 0 0 0 0/0 0:00 0:00 0:00
Brett Murray 0 0 0 0 0 0 0 0 0 0 0/0 5:44 0:00 0:00
Cooper Marody 0 0 0 0 0 0 0 0 0 0 0/0 0:00 0:00 0:00
Cristoval Nieves 0 1 1 1 0 4 3 1 0 1 4/7 13:25 0:00 1:50
David Gustafsson 0 0 0 0 0 0 0 0 0 0 0/0 0:00 0:00 0:00
David Kampf 0 0 0 0 0 0 0 0 0 0 3/3 5:44 0:00 0:00
Erik Nystrom 0 1 1 1 0 5 2 1 0 1 0/1 16:59 1:54 0:00
Fabian Zetterlund 0 0 0 0 0 0 0 0 0 0 0/0 0:00 0:00 0:00
Joe Snively 0 0 0 1 0 1 5 0 0 1 7/17 19:13 1:59 1:50
Josiah Slavin 0 0 0 0 0 0 0 0 0 0 0/0 1:47 0:00 1:08
Laurent Dauphin 0 0 0 0 0 0 1 0 0 1 0/0 2:04 0:43 0:00
Lucas Wallmarkk 2 1 3 1 0 6 1 0 0 0 15/25 21:43 1:40 4:20
Matt Kiersted 0 0 0 1 2 0 0 0 0 0 0/0 18:40 1:50 2:02
Mikko Lehtonen 0 1 1 1 4 4 2 0 0 0 0/0 26:07 2:06 2:10
Morgan Klimchuk 0 2 2 1 0 4 1 1 1 0 9/11 25:35 1:40 4:16
Nick Sorensen 1 0 1 1 0 3 1 1 3 0 1/1 16:59 1:54 0:00
Oliver Wahlstrom 0 0 0 1 0 0 1 0 0 0 0/0 11:59 0:43 0:00
Rem Pitlick 2 1 3 0 0 11 0 0 2 0 0/1 17:23 1:40 0:00
Riley Stillman 0 1 1 1 0 2 2 1 0 1 0/0 19:39 1:50 2:55
Rinat Valiev 0 1 1 2 0 2 0 0 0 3 0/0 28:17 2:06 4:04
Ty Smith 0 2 2 1 2 1 0 1 0 1 0/0 15:02 0:38 2:50
Victor Berglund 0 0 0 0 0 0 0 0 0 0 0/0 12:34 0:38 0:13
3 Stars
1 - Lucas Wallmarkk (Leh)
2 - Rem Pitlick (Leh)
3 - Anton Forsberg (Leh)
Power Play
Sound Tigers - 0 on 4 Attempt(s) - 0.00%
Phantoms - 2 on 4 Attempt(s) - 50.00%
Penalty Kill
Sound Tigers - 2 on 4 Attempt(s) - 50.00%
- Score 0 goal in Penalty Kill
Phantoms - 4 on 4 Attempt(s) - 100.00%
- Score 1 goal in Penalty Kill
Team Stat
Sound Tigers - Hits : 20 - Faceoff Wins : 28 - Blocked Shots : 14 - Penalty Minutes : 8
Phantoms - Hits : 21 - Faceoff Wins : 39 - Blocked Shots : 8 - Penalty Minutes : 8
Official
Referees : Jean Hebert and TJ Luxmore
Linesman : Greg Devorski and James Tobias
Game Notes
No Game Note
Finance
Level 1 -- Attendance: 2000 (100.00%) -- Ticket Income $140,000
Level 2 -- Attendance: 860 (86.00%) -- Ticket Income $34,400
Total Attendance: 2860 (95.33%)
Total Ticket Income: $174,400
Other Income: $8,720
Total Income: $183,120
Sound Tigers
5 vs 5 Forward
Center Left Wing Right Wing Time % Phy DF OF
1 Joe Labate Jordan Greenway Austin Watson 40 1 2 2
2 Rhett Gardner Ben Thomson Alex Belzile 30 1 2 2
3 Garret Pilon Tyrell Goulbourne Brett Connolly 20 1 2 2
4 Connor Dewar Filip Zadina Ross Colton 10 1 2 2
5 vs 5 Defense
Defense Defense Time % Phy DF OF
1 Oliver Kylington Slater Koekkoek 40 1 2 2
2 Nick Blankenburg Alexander Yelesin 30 1 2 2
3 Jakub Galvas Simon Benoit 20 1 2 2
4 Oliver Kylington Slater Koekkoek 10 1 2 2
PowerPlay Forward
Center Left Wing Right Wing Time % Phy DF OF
1 Joe Labate Jordan Greenway Austin Watson 60 1 2 2
2 Rhett Gardner Ben Thomson Alex Belzile 40 1 2 2
PowerPlay Defense
Defense Defense Time % Phy DF OF
1 Oliver Kylington Slater Koekkoek 60 1 2 2
2 Nick Blankenburg Alexander Yelesin 40 1 2 2
Penalty Kill 4 Players Forward
Center Wing Time % Phy DF OF
1 Joe Labate Jordan Greenway 60 1 2 2
2 Rhett Gardner Ben Thomson 40 1 2 2
Penalty Kill 4 Players Defense
Defense Defense Time % Phy DF OF
1 Oliver Kylington Slater Koekkoek 60 1 2 2
2 Nick Blankenburg Alexander Yelesin 40 1 2 2
Penalty Kill - 3 Players Forward
Forward Time % Phy DF OF
1 Joe Labate 60 1 2 2
2 Rhett Gardner 40 1 2 2
Penalty Kill - 3 Players Defense
Defense Defense Time % Phy DF OF
1 Oliver Kylington Slater Koekkoek 60 1 2 2
2 Nick Blankenburg Alexander Yelesin 40 1 2 2
4 vs 4 Forward
Center Wing Time % Phy DF OF
1 Joe Labate Jordan Greenway 60 1 2 2
2 Rhett Gardner Ben Thomson 40 1 2 2
4 vs 4 Defense
Defense Defense Time % Phy DF OF
1 Oliver Kylington Slater Koekkoek 60 1 2 2
2 Nick Blankenburg Alexander Yelesin 40 1 2 2
Last Minutes Offensive
Center Left Wing Right Wing Defense Defense
Joe Labate Jordan Greenway Austin Watson Oliver Kylington Slater Koekkoek
Last Minutes Defensive
Center Left Wing Right Wing Defense Defense
Joe Labate Jordan Greenway Austin Watson Oliver Kylington Slater Koekkoek
Goaltenders
Starting : Charlie Lindgren
Backup : Chris Driedger
Extra Forwards
Normal : Joe Labate, Brett Connolly, Ross Colton - PP : Joe Labate, Brett Connolly - PK : Joe Labate
Extra Defensemen
Normal : Alexander Yelesin, Jakub Galvas, Simon Benoit - PP : Alexander Yelesin - PK : Alexander Yelesin, Jakub Galvas
Penalty Shots
Jordan Greenway, Ben Thomson, Austin Watson, Alex Belzile, Joe Labate
Custom OT Lines Forwards
Jordan Greenway, Ben Thomson, Austin Watson, Alex Belzile, Joe Labate, Brett Connolly, Ross Colton, Rhett Gardner, Tyrell Goulbourne, Garret Pilon
Custom OT Lines Defensemen
Oliver Kylington, Slater Koekkoek, Nick Blankenburg, Alexander Yelesin, Jakub Galvas
Scratches
Alex Steeves (Healthy), Pavel Kraskovsky (Healthy), Noah Cates (Healthy), Casey Staum (Healthy), Cole Koepke (Healthy)
Sean Maguire (Healthy)
Phantoms
5 vs 5 Forward
Center Left Wing Right Wing Time % Phy DF OF
1 Lucas Wallmarkk Morgan Klimchuk Rem Pitlick 40 1 2 2
2 Joe Snively Erik Nystrom Nick Sorensen 30 1 2 2
3 Cristoval Nieves A.J. Greer Oliver Wahlstrom 20 1 2 2
4 David Kampf Brett Murray Morgan Klimchuk 10 1 2 2
5 vs 5 Defense
Defense Defense Time % Phy DF OF
1 Rinat Valiev Mikko Lehtonen 40 1 2 2
2 Matt Kiersted Riley Stillman 30 1 2 2
3 Victor Berglund Ty Smith 20 1 2 2
4 Rinat Valiev Mikko Lehtonen 10 1 2 2
PowerPlay Forward
Center Left Wing Right Wing Time % Phy DF OF
1 Lucas Wallmarkk Morgan Klimchuk Rem Pitlick 60 1 2 2
2 Joe Snively Erik Nystrom Nick Sorensen 40 1 2 2
PowerPlay Defense
Defense Defense Time % Phy DF OF
1 Rinat Valiev Mikko Lehtonen 60 1 2 2
2 Matt Kiersted Riley Stillman 40 1 2 2
Penalty Kill 4 Players Forward
Center Wing Time % Phy DF OF
1 Morgan Klimchuk Lucas Wallmarkk 60 1 2 2
2 Joe Snively Cristoval Nieves 40 1 2 2
Penalty Kill 4 Players Defense
Defense Defense Time % Phy DF OF
1 Rinat Valiev Mikko Lehtonen 60 1 2 2
2 Matt Kiersted Riley Stillman 40 1 2 2
Penalty Kill - 3 Players Forward
Forward Time % Phy DF OF
1 Morgan Klimchuk 60 1 2 2
2 Lucas Wallmarkk 40 1 2 2
Penalty Kill - 3 Players Defense
Defense Defense Time % Phy DF OF
1 Rinat Valiev Mikko Lehtonen 60 1 2 2
2 Matt Kiersted Riley Stillman 40 1 2 2
4 vs 4 Forward
Center Wing Time % Phy DF OF
1 Morgan Klimchuk Lucas Wallmarkk 60 1 2 2
2 Joe Snively Cristoval Nieves 40 1 2 2
4 vs 4 Defense
Defense Defense Time % Phy DF OF
1 Rinat Valiev Mikko Lehtonen 60 1 2 2
2 Matt Kiersted Riley Stillman 40 1 2 2
Last Minutes Offensive
Center Left Wing Right Wing Defense Defense
Lucas Wallmarkk Morgan Klimchuk Rem Pitlick Rinat Valiev Mikko Lehtonen
Last Minutes Defensive
Center Left Wing Right Wing Defense Defense
Lucas Wallmarkk Morgan Klimchuk Rem Pitlick Rinat Valiev Mikko Lehtonen
Goaltenders
Starting : Anton Forsberg
Backup : Zachary Fucale
Extra Forwards
Normal : Laurent Dauphin, Anthony Angello, Josiah Slavin - PP : Laurent Dauphin, Anthony Angello - PK : Josiah Slavin
Extra Defensemen
Normal : Victor Berglund, Ty Smith, Matt Kiersted - PP : Victor Berglund - PK : Ty Smith, Matt Kiersted
Penalty Shots
Morgan Klimchuk, Lucas Wallmarkk, Joe Snively, Cristoval Nieves, David Kampf
Custom OT Lines Forwards
Morgan Klimchuk, Lucas Wallmarkk, Joe Snively, Cristoval Nieves, David Kampf, Rem Pitlick, Erik Nystrom, Nick Sorensen, Laurent Dauphin, Anthony Angello
Custom OT Lines Defensemen
Rinat Valiev, Mikko Lehtonen, Matt Kiersted, Riley Stillman, Victor Berglund
Scratches
Sven Andrighetto (Suspend), Jacob Ingham (Healthy), Zachary Sawchenko (Healthy), Kevin Lankinen (Healthy)
% Time on Ice - Sound Tigers
Lines # - Real PCT - Wanted PCT - Time Play
Normal Forward
1 - 34% - 40% - 16:12
2 - 29% - 30% - 14:14
3 - 24% - 20% - 11:29
4 - 13% - 10% - 6:24
Normal Defense
1 - 41% - 40% - 19:53
2 - 29% - 30% - 14:14
3 - 25% - 20% - 12:04
4 - 4% - 10% - 2:08
PP Forward
1 - 56% - 60% - 4:00
2 - 44% - 40% - 3:07
PP Defense
1 - 57% - 60% - 4:04
2 - 43% - 40% - 3:03
PK Forward
1 - 100% - 60% - 4:34
2 - 0% - 40% - 0:00
PK Defense
1 - 71% - 60% - 3:15
2 - 29% - 40% - 1:19
PK3 Forward
1 - 0% - 60%
2 - 0% - 40%
PK3 Defense
1 - 0% - 60%
2 - 0% - 40%
44 Forward
1 - 0% - 60%
2 - 0% - 40%
44 Defense
1 - 0% - 60%
2 - 0% - 40%
Last Minute Offensive - 0:00
Last Minute Defensive - 0:00
Total
Forward - 60:00
Defense - 60:00
|
% Time on Ice - Phantoms
Lines # - Real PCT - Wanted PCT - Time Play
Normal Forward
1 - 33% - 40% - 15:55
2 - 32% - 30% - 15:24
3 - 23% - 20% - 11:16
4 - 12% - 10% - 5:44
Normal Defense
1 - 40% - 40% - 19:20
2 - 31% - 30% - 14:54
3 - 23% - 20% - 11:18
4 - 6% - 10% - 2:47
PP Forward
1 - 43% - 60% - 1:57
2 - 57% - 40% - 2:37
PP Defense
1 - 60% - 60% - 2:44
2 - 40% - 40% - 1:50
PK Forward
1 - 74% - 60% - 5:17
2 - 26% - 40% - 1:50
PK Defense
1 - 59% - 60% - 4:12
2 - 41% - 40% - 2:55
PK3 Forward
1 - 0% - 60%
2 - 0% - 40%
PK3 Defense
1 - 0% - 60%
2 - 0% - 40%
44 Forward
1 - 0% - 60%
2 - 0% - 40%
44 Defense
1 - 0% - 60%
2 - 0% - 40%
Last Minute Offensive - 0:00
Last Minute Defensive - 0:00
Total
Forward - 60:00
Defense - 60:00
|
Play-by-Play
1st period
0:01 of 1st period - Joe Labate wins face-off versus Lucas Wallmarkk in neutral zone.
0:25 of 1st period - Erik Nystrom is hit by Ben Thomson and loses puck.
0:34 of 1st period - Slapshot by Nick Sorensen.
0:34 of 1st period - Shot Misses the Net.
1:04 of 1st period - Nick Blankenburg is hit by Riley Stillman.
1:10 of 1st period - Snap shot by Ross Colton.
1:10 of 1st period - Shot Misses the Net.
1:45 of 1st period - Rem Pitlick is hit by Rhett Gardner and loses puck.
1:49 of 1st period - Icing by Mikko Lehtonen.
1:50 of 1st period - Rhett Gardner wins face-off versus Lucas Wallmarkk in Phantoms zone.
2:37 of 1st period - Wrist shot by Ben Thomson.
2:37 of 1st period - Stopped by Anton Forsberg with a rebound.
2:39 of 1st period - Snap shot by Ben Thomson.
2:39 of 1st period - Deflect By Rhett Gardner.
2:39 of 1st period - Shot Misses the Net.
2:39 of 1st period - Puck is out of play.
2:40 of 1st period - Cristoval Nieves wins face-off versus Joe Labate in Phantoms zone.
3:14 of 1st period - Slapshot by Erik Nystrom.
3:14 of 1st period - Shot Misses the Net.
3:50 of 1st period - Wrist shot by Ross Colton.
3:50 of 1st period - Shot Misses the Net.
3:52 of 1st period - Slapshot by Nick Blankenburg.
3:52 of 1st period - Deflect By Filip Zadina.
3:52 of 1st period - Shot Misses the Net.
3:52 of 1st period - Puck is out of play.
3:53 of 1st period - Connor Dewar wins face-off versus A.J. Greer in Phantoms zone.
3:58 of 1st period - Wrist shot by Oliver Kylington.
3:58 of 1st period - Stopped by Anton Forsberg with a rebound.
4:00 of 1st period - Wrist shot by Ross Colton.
4:00 of 1st period - Stopped by Anton Forsberg without a rebound.
4:01 of 1st period - Cristoval Nieves wins face-off versus Joe Labate in Phantoms zone.
4:06 of 1st period - Slater Koekkoek is hit by Mikko Lehtonen and loses puck.
4:13 of 1st period - Wrist shot by Mikko Lehtonen.
4:13 of 1st period - Shot Blocked by Joe Labate.
4:15 of 1st period - Slapshot by Rinat Valiev.
4:15 of 1st period - Shot Misses the Net.
4:17 of 1st period - Slapshot by Mikko Lehtonen.
4:17 of 1st period - Stopped by Charlie Lindgren without a rebound.
4:18 of 1st period - Lucas Wallmarkk wins face-off versus Garret Pilon in Sound Tigers zone.
4:21 of 1st period - Wrist shot by Rem Pitlick.
4:21 of 1st period - Stopped by Charlie Lindgren with a rebound.
4:45 of 1st period - Icing by Austin Watson.
4:46 of 1st period - Joe Labate wins face-off versus Erik Nystrom in Sound Tigers zone.
5:03 of 1st period - Wrist shot by Joe Labate.
5:03 of 1st period - Shot Misses the Net.
5:13 of 1st period - Jordan Greenway is hit by Erik Nystrom and loses puck.
5:24 of 1st period - Snap shot by Nick Sorensen.
5:24 of 1st period - Deflect By Joe Snively.
5:24 of 1st period - Shot Misses the Net.
5:24 of 1st period - Puck is out of play.
5:25 of 1st period - Morgan Klimchuk wins face-off versus Rhett Gardner in Sound Tigers zone.
5:36 of 1st period - Snap shot by Rem Pitlick.
5:36 of 1st period - Stopped by Charlie Lindgren with a rebound.
5:38 of 1st period - Slapshot by Rinat Valiev.
5:38 of 1st period - Stopped by Charlie Lindgren without a rebound.
5:39 of 1st period - Lucas Wallmarkk wins face-off versus Tyrell Goulbourne in Sound Tigers zone.
5:48 of 1st period - Snap shot by Lucas Wallmarkk.
5:48 of 1st period - Stopped by Charlie Lindgren without a rebound.
5:49 of 1st period - Morgan Klimchuk wins face-off versus Garret Pilon in Sound Tigers zone.
6:13 of 1st period - Snap shot by Morgan Klimchuk.
6:13 of 1st period - Deflect By Slater Koekkoek.
6:13 of 1st period - Stopped by Charlie Lindgren with a rebound.
6:15 of 1st period - Slapshot by Rinat Valiev.
6:15 of 1st period - Stopped by Charlie Lindgren with a rebound.
6:21 of 1st period - Wrist shot by Morgan Klimchuk.
6:21 of 1st period - Stopped by Charlie Lindgren with a rebound.
7:11 of 1st period - Wrist shot by Lucas Wallmarkk.
7:11 of 1st period - Shot Misses the Net.
7:13 of 1st period - Slapshot by Mikko Lehtonen.
7:13 of 1st period - Stopped by Charlie Lindgren with a rebound.
7:15 of 1st period - Wrist shot by Mikko Lehtonen.
7:15 of 1st period - Deflect By Tyrell Goulbourne.
7:15 of 1st period - Stopped by Charlie Lindgren without a rebound.
7:16 of 1st period - Joe Snively wins face-off versus Rhett Gardner in Sound Tigers zone.
7:19 of 1st period - Snap shot by Joe Snively.
7:19 of 1st period - Stopped by Charlie Lindgren without a rebound.
7:20 of 1st period - Joe Snively wins face-off versus Rhett Gardner in Sound Tigers zone.
7:23 of 1st period - Snap shot by Nick Sorensen.
7:23 of 1st period - Stopped by Charlie Lindgren without a rebound.
7:24 of 1st period - Nick Sorensen wins face-off versus Rhett Gardner in Sound Tigers zone.
7:38 of 1st period - Off-side.
7:39 of 1st period - Joe Labate wins face-off versus Cristoval Nieves in neutral zone.
8:10 of 1st period - Wrist shot by Joe Snively.
8:10 of 1st period - Shot Misses the Net.
8:14 of 1st period - Snap shot by Nick Sorensen.
8:14 of 1st period - Stopped by Charlie Lindgren without a rebound.
8:15 of 1st period - David Kampf wins face-off versus Joe Labate in Sound Tigers zone.
9:13 of 1st period - Wrist shot by Rhett Gardner.
9:13 of 1st period - Shot Misses the Net.
9:51 of 1st period - Snap shot by Joe Labate.
9:51 of 1st period - Shot Blocked by Cristoval Nieves.
9:53 of 1st period - Backhand shot by Slater Koekkoek.
9:53 of 1st period - Stopped by Anton Forsberg with a rebound.
9:55 of 1st period - Snap shot by Jordan Greenway.
9:55 of 1st period - Stopped by Anton Forsberg with a rebound.
9:57 of 1st period - Snap shot by Jordan Greenway.
9:57 of 1st period - Deflect By Austin Watson.
9:57 of 1st period - Shot Blocked by A.J. Greer.
9:57 of 1st period - Puck is out of play.
9:58 of 1st period - David Kampf wins face-off versus Jordan Greenway in Phantoms zone.
9:58 of 1st period - David Kampf is hit by Jordan Greenway.
10:25 of 1st period - Snap shot by Ross Colton.
10:25 of 1st period - Stopped by Anton Forsberg with a rebound.
10:45 of 1st period - Cristoval Nieves is hit by Alexander Yelesin and loses puck.
10:59 of 1st period - Icing by Mikko Lehtonen.
11:00 of 1st period - Lucas Wallmarkk wins face-off versus Joe Labate in Phantoms zone.
11:26 of 1st period - Mikko Lehtonen is hit by Tyrell Goulbourne and loses puck.
11:59 of 1st period - Slapshot by Rem Pitlick.
11:59 of 1st period - Stopped by Charlie Lindgren with a rebound.
12:01 of 1st period - Snap shot by Rem Pitlick.
12:01 of 1st period - Shot Misses the Net.
12:05 of 1st period - Snap shot by Rem Pitlick.
12:05 of 1st period - Stopped by Charlie Lindgren with a rebound.
12:07 of 1st period - Slapshot by Rinat Valiev.
12:07 of 1st period - Deflect By Lucas Wallmarkk.
12:07 of 1st period - Stopped by Charlie Lindgren with a rebound.
12:09 of 1st period - Snap shot by Rem Pitlick.
12:09 of 1st period - Stopped by Charlie Lindgren with a rebound.
12:11 of 1st period - Snap shot by Lucas Wallmarkk.
12:11 of 1st period - Stopped by Charlie Lindgren with a rebound.
12:49 of 1st period - Snap shot by Rem Pitlick.
12:49 of 1st period - Shot Misses the Net.
13:05 of 1st period - Wrist shot by Morgan Klimchuk.
13:05 of 1st period - Shot Blocked by Jakub Galvas.
13:07 of 1st period - Snap shot by Rem Pitlick.
13:07 of 1st period - Stopped by Charlie Lindgren without a rebound.
13:08 of 1st period - Joe Labate wins face-off versus Joe Snively in Sound Tigers zone.
13:10 of 1st period - Minor Penalty to Oliver Kylington for Hooking.
13:11 of 1st period - Joe Labate wins face-off versus Joe Snively in Sound Tigers zone.
13:11 of 1st period - Joe Labate is hit by Joe Snively.
14:03 of 1st period - Jordan Greenway is hit by Laurent Dauphin and loses puck.
14:58 of 1st period - Riley Stillman is hit by Rhett Gardner.
15:10 of 1st period - Penalty to Oliver Kylington is over, Oliver Kylington is back on ice.
15:28 of 1st period - Rinat Valiev is hit by Garret Pilon and loses puck.
15:35 of 1st period - Snap shot by Tyrell Goulbourne.
15:35 of 1st period - Shot Misses the Net.
15:37 of 1st period - Snap shot by Garret Pilon.
15:37 of 1st period - Shot Hit the Post.
15:47 of 1st period - Rinat Valiev is hit by Simon Benoit and loses puck.
16:58 of 1st period - Wrist shot by Ross Colton.
16:58 of 1st period - Shot Blocked by Riley Stillman.
17:00 of 1st period - Wrist shot by Connor Dewar.
17:00 of 1st period - Shot Misses the Net.
17:16 of 1st period - Rhett Gardner is hit by Lucas Wallmarkk and loses puck.
17:51 of 1st period - Minor Penalty to Matt Kiersted for Holding.
17:52 of 1st period - Joe Labate wins face-off versus Morgan Klimchuk in Phantoms zone.
17:52 of 1st period - Snap shot by Jordan Greenway.
17:52 of 1st period - Stopped by Anton Forsberg without a rebound.
17:53 of 1st period - Morgan Klimchuk wins face-off versus Joe Labate in Phantoms zone.
18:18 of 1st period - Morgan Klimchuk is hit by Ben Thomson and loses puck.
19:33 of 1st period - Austin Watson is hit by Joe Snively and loses puck.
19:51 of 1st period - Penalty to Matt Kiersted is over, Matt Kiersted is back on ice.
Goals for this period are 0 for Sound Tigers vs 0 for Phantoms.
Shots for this period are 7 for Sound Tigers vs 19 for Phantoms.
2nd period
0:01 of 2nd period - Joe Labate wins face-off versus Joe Snively in neutral zone.
0:08 of 2nd period - Snap shot by Joe Labate.
0:08 of 2nd period - Shot Misses the Net.
0:16 of 2nd period - Slater Koekkoek is hit by Nick Sorensen.
0:35 of 2nd period - Backhand shot by Rem Pitlick.
0:35 of 2nd period - Stopped by Charlie Lindgren with a rebound.
0:53 of 2nd period - Wrist shot by Ross Colton.
0:53 of 2nd period - Shot Blocked by A.J. Greer.
0:55 of 2nd period - Backhand shot by Simon Benoit.
0:55 of 2nd period - Stopped by Anton Forsberg with a rebound.
0:57 of 2nd period - Slapshot by Jakub Galvas.
0:57 of 2nd period - Shot Misses the Net.
1:15 of 2nd period - Slapshot by Nick Sorensen.
1:15 of 2nd period - Shot Blocked by Simon Benoit.
1:29 of 2nd period - Wrist shot by Jordan Greenway.
1:29 of 2nd period - Stopped by Anton Forsberg without a rebound.
1:30 of 2nd period - Lucas Wallmarkk wins face-off versus Joe Labate in Phantoms zone.
1:39 of 2nd period - Snap shot by Rem Pitlick.
1:39 of 2nd period - Shot Misses the Net.
1:41 of 2nd period - Slapshot by Lucas Wallmarkk.
1:41 of 2nd period - Shot Hit the Post.
1:43 of 2nd period - Snap shot by Rem Pitlick.
1:43 of 2nd period - Shot Misses the Net.
1:45 of 2nd period - Wrist shot by Rem Pitlick.
1:45 of 2nd period - Stopped by Charlie Lindgren without a rebound.
1:46 of 2nd period - Joe Snively wins face-off versus Rhett Gardner in Sound Tigers zone.
2:13 of 2nd period - Icing by Joe Labate.
2:14 of 2nd period - Joe Labate wins face-off versus Lucas Wallmarkk in Sound Tigers zone.
2:23 of 2nd period - Snap shot by Jordan Greenway.
2:23 of 2nd period - Shot Misses the Net.
2:25 of 2nd period - Wrist shot by Nick Blankenburg.
2:25 of 2nd period - Shot Misses the Net.
2:29 of 2nd period - Snap shot by Jordan Greenway.
2:29 of 2nd period - Stopped by Anton Forsberg with a rebound.
2:48 of 2nd period - Backhand shot by Oliver Kylington.
2:48 of 2nd period - Deflect By Ben Thomson.
2:48 of 2nd period - Shot Misses the Net.
2:48 of 2nd period - Puck is out of play.
2:49 of 2nd period - Joe Snively wins face-off versus Austin Watson in Phantoms zone.
2:54 of 2nd period - Snap shot by Erik Nystrom.
2:54 of 2nd period - Shot Blocked by Jordan Greenway.
2:56 of 2nd period - Slapshot by Riley Stillman.
2:56 of 2nd period - Shot Blocked by Slater Koekkoek.
2:58 of 2nd period - Snap shot by Nick Sorensen.
2:58 of 2nd period - Goal by Nick Sorensen - Sound Tigers : 0 - Phantoms : 1.
2:59 of 2nd period - Joe Labate wins face-off versus Joe Snively in neutral zone.
3:39 of 2nd period - Snap shot by Ben Thomson.
3:39 of 2nd period - Stopped by Anton Forsberg with a rebound.
3:49 of 2nd period - Rinat Valiev is hit by Nick Blankenburg and loses puck.
3:58 of 2nd period - Slapshot by Mikko Lehtonen.
3:58 of 2nd period - Stopped by Charlie Lindgren without a rebound.
3:59 of 2nd period - Lucas Wallmarkk wins face-off versus Joe Labate in Sound Tigers zone.
4:16 of 2nd period - Ty Smith is hit by Joe Labate and loses puck.
4:33 of 2nd period - Wrist shot by Joe Snively.
4:33 of 2nd period - Shot Misses the Net.
5:01 of 2nd period - Snap shot by Ross Colton.
5:01 of 2nd period - Shot Misses the Net.
5:11 of 2nd period - Snap shot by Matt Kiersted.
5:11 of 2nd period - Shot Blocked by Oliver Kylington.
5:13 of 2nd period - Snap shot by Matt Kiersted.
5:13 of 2nd period - Shot Misses the Net.
5:15 of 2nd period - Snap shot by Morgan Klimchuk.
5:15 of 2nd period - Shot Misses the Net.
5:34 of 2nd period - Oliver Kylington is hit by Erik Nystrom.
5:40 of 2nd period - Snap shot by Jordan Greenway.
5:40 of 2nd period - Stopped by Anton Forsberg with a rebound.
5:57 of 2nd period - Snap shot by Alex Belzile.
5:57 of 2nd period - Stopped by Anton Forsberg without a rebound.
5:58 of 2nd period - Joe Labate wins face-off versus Joe Snively in Phantoms zone.
6:16 of 2nd period - Minor Penalty to Ty Smith for Interference.
6:17 of 2nd period - Morgan Klimchuk wins face-off versus Austin Watson in Phantoms zone.
6:50 of 2nd period - Icing by Oliver Kylington.
6:51 of 2nd period - Rhett Gardner wins face-off versus Joe Snively in Sound Tigers zone.
6:58 of 2nd period - Snap shot by Cristoval Nieves.
6:58 of 2nd period - Stopped by Charlie Lindgren without a rebound.
6:59 of 2nd period - Joe Labate wins face-off versus Morgan Klimchuk in Sound Tigers zone.
8:16 of 2nd period - Penalty to Ty Smith is over, Ty Smith is back on ice.
8:27 of 2nd period - Slapshot by Joe Snively.
8:27 of 2nd period - Shot Misses the Net.
8:29 of 2nd period - Slapshot by Rinat Valiev.
8:29 of 2nd period - Shot Blocked by Brett Connolly.
8:31 of 2nd period - Snap shot by Nick Sorensen.
8:31 of 2nd period - Deflect By Erik Nystrom.
8:31 of 2nd period - Stopped by Charlie Lindgren with a rebound.
8:33 of 2nd period - Wrist shot by Erik Nystrom.
8:33 of 2nd period - Stopped by Charlie Lindgren without a rebound.
8:34 of 2nd period - Brett Connolly wins face-off versus Joe Snively in Sound Tigers zone.
8:34 of 2nd period - Brett Connolly is hit by Joe Snively.
8:58 of 2nd period - Snap shot by Ben Thomson.
8:58 of 2nd period - Shot Misses the Net.
9:00 of 2nd period - Slapshot by Alexander Yelesin.
9:00 of 2nd period - Deflect By Cristoval Nieves.
9:00 of 2nd period - Stopped by Anton Forsberg without a rebound.
9:01 of 2nd period - Lucas Wallmarkk wins face-off versus Rhett Gardner in Phantoms zone.
9:08 of 2nd period - Slapshot by Mikko Lehtonen.
9:08 of 2nd period - Shot Blocked by Alexander Yelesin.
9:10 of 2nd period - Slapshot by Lucas Wallmarkk.
9:10 of 2nd period - Shot Blocked by Nick Blankenburg.
9:46 of 2nd period - Slapshot by Alexander Yelesin.
9:46 of 2nd period - Shot Misses the Net.
9:48 of 2nd period - Slapshot by Alexander Yelesin.
9:48 of 2nd period - Stopped by Anton Forsberg without a rebound.
9:49 of 2nd period - Connor Dewar wins face-off versus Joe Snively in Phantoms zone.
9:50 of 2nd period - Snap shot by Filip Zadina.
9:50 of 2nd period - Stopped by Anton Forsberg without a rebound.
9:51 of 2nd period - Connor Dewar wins face-off versus Lucas Wallmarkk in Phantoms zone.
9:54 of 2nd period - Slapshot by Filip Zadina.
9:54 of 2nd period - Shot Misses the Net.
10:00 of 2nd period - Snap shot by Morgan Klimchuk.
10:00 of 2nd period - Stopped by Charlie Lindgren without a rebound.
10:01 of 2nd period - Joe Labate wins face-off versus Lucas Wallmarkk in Sound Tigers zone.
10:50 of 2nd period - Wrist shot by A.J. Greer.
10:50 of 2nd period - Deflect By Cristoval Nieves.
10:50 of 2nd period - Stopped by Charlie Lindgren with a rebound.
10:52 of 2nd period - Snap shot by Oliver Wahlstrom.
10:52 of 2nd period - Deflect By Cristoval Nieves.
10:52 of 2nd period - Stopped by Charlie Lindgren with a rebound.
10:54 of 2nd period - Slapshot by Riley Stillman.
10:54 of 2nd period - Stopped by Charlie Lindgren with a rebound.
11:38 of 2nd period - Snap shot by Joe Labate.
11:38 of 2nd period - Shot Misses the Net.
11:55 of 2nd period - Wrist shot by Joe Snively.
11:55 of 2nd period - Deflect By Erik Nystrom.
11:55 of 2nd period - Stopped by Charlie Lindgren with a rebound.
12:21 of 2nd period - Slapshot by Oliver Wahlstrom.
12:21 of 2nd period - Shot Blocked by Nick Blankenburg.
12:45 of 2nd period - Slapshot by Jordan Greenway.
12:45 of 2nd period - Shot Blocked by Erik Nystrom.
14:09 of 2nd period - Matt Kiersted is hit by Jordan Greenway and loses puck.
14:24 of 2nd period - Riley Stillman is hit by Ben Thomson and loses puck.
14:45 of 2nd period - Mikko Lehtonen is hit by Slater Koekkoek and loses puck.
14:52 of 2nd period - Snap shot by Brett Connolly.
14:52 of 2nd period - Shot Misses the Net.
14:54 of 2nd period - Wrist shot by Slater Koekkoek.
14:54 of 2nd period - Stopped by Anton Forsberg without a rebound.
14:55 of 2nd period - Joe Snively wins face-off versus Joe Labate in Phantoms zone.
15:25 of 2nd period - Oliver Kylington is hit by Cristoval Nieves and loses puck.
16:04 of 2nd period - Wrist shot by Oliver Kylington.
16:04 of 2nd period - Shot Blocked by Ty Smith.
16:06 of 2nd period - Slapshot by Slater Koekkoek.
16:06 of 2nd period - Shot Blocked by Nick Sorensen.
16:08 of 2nd period - Snap shot by Filip Zadina.
16:08 of 2nd period - Stopped by Anton Forsberg without a rebound.
16:09 of 2nd period - Cristoval Nieves wins face-off versus Joe Labate in Phantoms zone.
16:13 of 2nd period - Off-side.
16:14 of 2nd period - Cristoval Nieves wins face-off versus Joe Labate in neutral zone.
16:17 of 2nd period - Wrist shot by Riley Stillman.
16:17 of 2nd period - Deflect By Cristoval Nieves.
16:17 of 2nd period - Shot Misses the Net.
16:17 of 2nd period - Puck is out of play.
16:18 of 2nd period - Joe Labate wins face-off versus Cristoval Nieves in Sound Tigers zone.
16:18 of 2nd period - Joe Labate is hit by A.J. Greer.
16:24 of 2nd period - Wrist shot by Austin Watson.
16:24 of 2nd period - Stopped by Anton Forsberg without a rebound.
16:25 of 2nd period - Joe Labate wins face-off versus Lucas Wallmarkk in Phantoms zone.
16:52 of 2nd period - Rhett Gardner is hit by A.J. Greer and loses puck.
16:59 of 2nd period - Wrist shot by Cristoval Nieves.
16:59 of 2nd period - Shot Blocked by Alex Belzile.
17:05 of 2nd period - Slapshot by Rinat Valiev.
17:05 of 2nd period - Shot Blocked by Alexander Yelesin.
17:46 of 2nd period - Wrist shot by Filip Zadina.
17:46 of 2nd period - Stopped by Anton Forsberg with a rebound.
18:05 of 2nd period - Slapshot by Riley Stillman.
18:05 of 2nd period - Stopped by Charlie Lindgren without a rebound.
18:06 of 2nd period - Joe Snively wins face-off versus Rhett Gardner in Sound Tigers zone.
19:37 of 2nd period - Icing by Slater Koekkoek.
19:38 of 2nd period - Joe Labate wins face-off versus Cristoval Nieves in Sound Tigers zone.
Goals for this period are 0 for Sound Tigers vs 1 for Phantoms.
Shots for this period are 13 for Sound Tigers vs 13 for Phantoms.
3rd period
0:01 of 3rd period - Lucas Wallmarkk wins face-off versus Jordan Greenway in neutral zone.
0:26 of 3rd period - Mikko Lehtonen is hit by Oliver Kylington.
1:19 of 3rd period - Off-side.
1:20 of 3rd period - Lucas Wallmarkk wins face-off versus Joe Labate in neutral zone.
1:23 of 3rd period - Wrist shot by Lucas Wallmarkk.
1:23 of 3rd period - Shot Misses the Net.
2:09 of 3rd period - Slapshot by Rem Pitlick.
2:09 of 3rd period - Goal by Rem Pitlick - Sound Tigers : 0 - Phantoms : 2.
2:10 of 3rd period - Joe Labate wins face-off versus Joe Snively in neutral zone.
2:37 of 3rd period - Oliver Kylington is hit by Oliver Wahlstrom and loses puck.
3:49 of 3rd period - Wrist shot by Joe Labate.
3:49 of 3rd period - Stopped by Anton Forsberg with a rebound.
3:51 of 3rd period - Wrist shot by Joe Labate.
3:51 of 3rd period - Shot Misses the Net.
3:53 of 3rd period - Slapshot by Alexander Yelesin.
3:53 of 3rd period - Stopped by Anton Forsberg without a rebound.
3:54 of 3rd period - Rhett Gardner wins face-off versus Lucas Wallmarkk in Phantoms zone.
3:59 of 3rd period - Snap shot by Ben Thomson.
3:59 of 3rd period - Deflect By Alex Belzile.
3:59 of 3rd period - Stopped by Anton Forsberg with a rebound.
4:01 of 3rd period - Snap shot by Slater Koekkoek.
4:01 of 3rd period - Goal by Slater Koekkoek - Sound Tigers : 1 - Phantoms : 2.
4:02 of 3rd period - Lucas Wallmarkk wins face-off versus Joe Labate in neutral zone.
4:27 of 3rd period - Oliver Kylington is hit by Mikko Lehtonen and loses puck.
4:40 of 3rd period - Joe Snively is hit by Rhett Gardner and loses puck.
4:53 of 3rd period - Snap shot by Filip Zadina.
4:53 of 3rd period - Stopped by Anton Forsberg without a rebound.
4:54 of 3rd period - Lucas Wallmarkk wins face-off versus Connor Dewar in Phantoms zone.
5:03 of 3rd period - Snap shot by Lucas Wallmarkk.
5:03 of 3rd period - Deflect By Morgan Klimchuk.
5:03 of 3rd period - Stopped by Charlie Lindgren without a rebound.
5:04 of 3rd period - Lucas Wallmarkk wins face-off versus Joe Labate in Sound Tigers zone.
5:08 of 3rd period - Minor Penalty to Jordan Greenway for Tripping.
5:09 of 3rd period - Lucas Wallmarkk wins face-off versus Joe Labate in Sound Tigers zone.
5:21 of 3rd period - Wrist shot by Rem Pitlick.
5:21 of 3rd period - Stopped by Charlie Lindgren with a rebound.
7:08 of 3rd period - Penalty to Jordan Greenway is over, Jordan Greenway is back on ice.
7:49 of 3rd period - Victor Berglund is hit by Ben Thomson and loses puck.
9:12 of 3rd period - Snap shot by Filip Zadina.
9:12 of 3rd period - Deflect By Ross Colton.
9:12 of 3rd period - Shot Misses the Net.
9:12 of 3rd period - Puck is out of play.
9:13 of 3rd period - Connor Dewar wins face-off versus Joe Snively in Phantoms zone.
9:16 of 3rd period - Slapshot by Oliver Kylington.
9:16 of 3rd period - Stopped by Anton Forsberg without a rebound.
9:17 of 3rd period - Joe Snively wins face-off versus Joe Labate in Phantoms zone.
9:26 of 3rd period - Wrist shot by Erik Nystrom.
9:26 of 3rd period - Stopped by Charlie Lindgren with a rebound.
10:00 of 3rd period - Nick Sorensen is hit by Oliver Kylington.
10:13 of 3rd period - Minor Penalty to Nick Blankenburg for Delaying the game.
10:14 of 3rd period - Lucas Wallmarkk wins face-off versus Joe Labate in Sound Tigers zone.
10:18 of 3rd period - Snap shot by Rem Pitlick.
10:18 of 3rd period - Shot Blocked by Jakub Galvas.
10:26 of 3rd period - Wrist shot by Lucas Wallmarkk.
10:26 of 3rd period - Goal by Lucas Wallmarkk - Sound Tigers : 1 - Phantoms : 3.
10:27 of 3rd period - Joe Labate wins face-off versus Lucas Wallmarkk in neutral zone.
10:30 of 3rd period - Slapshot by Oliver Kylington.
10:30 of 3rd period - Shot Misses the Net.
10:32 of 3rd period - Backhand shot by Oliver Kylington.
10:32 of 3rd period - Shot Blocked by Morgan Klimchuk.
10:34 of 3rd period - Slapshot by Slater Koekkoek.
10:34 of 3rd period - Deflect By Jordan Greenway.
10:34 of 3rd period - Stopped by Anton Forsberg with a rebound.
10:36 of 3rd period - Wrist shot by Joe Labate.
10:36 of 3rd period - Stopped by Anton Forsberg with a rebound.
10:38 of 3rd period - Slapshot by Oliver Kylington.
10:38 of 3rd period - Deflect By Jordan Greenway.
10:38 of 3rd period - Shot Misses the Net.
10:38 of 3rd period - Puck is out of play.
10:39 of 3rd period - Joe Labate wins face-off versus Lucas Wallmarkk in Phantoms zone.
10:40 of 3rd period - Wrist shot by Jordan Greenway.
10:40 of 3rd period - Shot Misses the Net.
10:42 of 3rd period - Minor Penalty to Mikko Lehtonen for Holding.
10:43 of 3rd period - Morgan Klimchuk wins face-off versus Joe Labate in Phantoms zone.
10:58 of 3rd period - Slapshot by Oliver Kylington.
10:58 of 3rd period - Stopped by Anton Forsberg with a rebound.
11:36 of 3rd period - Matt Kiersted is hit by Joe Labate and loses puck.
12:40 of 3rd period - Nick Blankenburg is hit by Cristoval Nieves and loses puck.
12:42 of 3rd period - Penalty to Mikko Lehtonen is over, Mikko Lehtonen is back on ice.
12:58 of 3rd period - Garret Pilon is hit by Joe Snively and loses puck.
13:17 of 3rd period - Ross Colton is hit by Cristoval Nieves and loses puck.
13:42 of 3rd period - Slater Koekkoek is hit by Joe Snively and loses puck.
14:28 of 3rd period - Backhand shot by Erik Nystrom.
14:28 of 3rd period - Stopped by Charlie Lindgren with a rebound.
15:05 of 3rd period - Icing by Mikko Lehtonen.
15:06 of 3rd period - David Kampf wins face-off versus Rhett Gardner in Phantoms zone.
15:31 of 3rd period - Snap shot by Cristoval Nieves.
15:31 of 3rd period - Stopped by Charlie Lindgren with a rebound.
15:33 of 3rd period - Snap shot by Ty Smith.
15:33 of 3rd period - Deflect By Ben Thomson.
15:33 of 3rd period - Stopped by Charlie Lindgren with a rebound.
15:35 of 3rd period - Wrist shot by A.J. Greer.
15:35 of 3rd period - Stopped by Charlie Lindgren with a rebound.
15:37 of 3rd period - Wrist shot by A.J. Greer.
15:37 of 3rd period - Goal by A.J. Greer - Sound Tigers : 1 - Phantoms : 4.
15:38 of 3rd period - Lucas Wallmarkk wins face-off versus Joe Labate in neutral zone.
16:05 of 3rd period - Tyrell Goulbourne is hit by Riley Stillman.
16:43 of 3rd period - Minor Penalty to Rhett Gardner for Unsportsmanlike conduct.
16:44 of 3rd period - Joe Labate wins face-off versus Lucas Wallmarkk in Sound Tigers zone.
16:55 of 3rd period - Slapshot by Lucas Wallmarkk.
16:55 of 3rd period - Stopped by Charlie Lindgren without a rebound.
16:56 of 3rd period - Joe Labate wins face-off versus Rem Pitlick in Sound Tigers zone.
16:56 of 3rd period - Joe Labate is hit by Morgan Klimchuk.
17:06 of 3rd period - Snap shot by Rem Pitlick.
17:06 of 3rd period - Goal by Rem Pitlick - Sound Tigers : 1 - Phantoms : 5.
17:07 of 3rd period - Lucas Wallmarkk wins face-off versus Joe Labate in neutral zone.
18:49 of 3rd period - Minor Penalty to Mikko Lehtonen for Roughing.
18:50 of 3rd period - Morgan Klimchuk wins face-off versus Jordan Greenway in Phantoms zone.
18:54 of 3rd period - Slapshot by Ty Smith.
18:54 of 3rd period - Shot Blocked by Nick Blankenburg.
18:56 of 3rd period - Wrist shot by Lucas Wallmarkk.
18:56 of 3rd period - Goal by Lucas Wallmarkk - Sound Tigers : 1 - Phantoms : 6.
18:57 of 3rd period - Morgan Klimchuk wins face-off versus Joe Labate in neutral zone.
19:22 of 3rd period - Ty Smith is hit by Alexander Yelesin and loses puck.
19:31 of 3rd period - Snap shot by Ben Thomson.
19:31 of 3rd period - Stopped by Anton Forsberg without a rebound.
19:32 of 3rd period - Morgan Klimchuk wins face-off versus Joe Labate in Phantoms zone.
19:56 of 3rd period - Off-side.
19:57 of 3rd period - Morgan Klimchuk wins face-off versus Ben Thomson in neutral zone.
Goals for this period are 1 for Sound Tigers vs 5 for Phantoms.
Shots for this period are 10 for Sound Tigers vs 13 for Phantoms.